MLB
COLORADO ROCKIES @ CINCINNATI REDS
10/11/2098
 
TOP OF THE 1ST
Colorado Rockies batting - Pitching for Cincinnati Reds : RHP Mike Lewis
Pitching: RHP Mike Lewis
Batting: LHB Glenn Sewell 0-0: Called Strike
0-1: Ball
1-1: Ball
2-1: DOUBLE (Line Drive, 78D, EV 108.1 MPH)
Batting: RHB Mike Woodard 0-0: Ball
1-0: Ground out 4-3 (Groundball, 4, EV 99.4 MPH)
Glenn Sewell to third
Batting: RHB Kosuke Sakai 0-0: Called Strike
0-1: Foul Ball, location: 9LSF, Error on foul ball, E9
0-2: Ball
1-2: Foul Ball, location: 7LDF
1-2: Ball
2-2: Foul Ball, location: 7LMF
2-2: Fly out, F9 (Flyball, 9, EV 90.6 MPH)
Runner from 3rd tags up, OUT at HOME! 9-2
Top of the 1st over - 0 runs, 1 hit, 1 error, 0 left on base; Colorado 0 - Cincinnati 0
BOTTOM OF THE 1ST
Cincinnati Reds batting - Pitching for Colorado Rockies : RHP Rob Dillon
Pitching: RHP Rob Dillon
Batting: LHB Jonathan Nelson 0-0: SINGLE (Line Drive, 9LS, EV 100.6 MPH)
Batting: RHB Erik Schmidt 0-0: Called Strike
0-1: Swinging Strike
0-2: Ball
1-2: Strikes out swinging
Batting: LHB Steve Carbone 0-0: Swinging Strike
0-1: Ball
1-1: Swinging Strike
1-2: Strikes out swinging
Batting: RHB Tim Mercer 0-0: Ball
1-0: Ball
2-0: Ball
3-0: Base on Balls
Jonathan Nelson to second
Batting: RHB Earl Boivin 0-0: Called Strike
0-1: Fielders Choice at 2nd, 6-4 (Groundball, 6, EV 84.4 MPH)
Bottom of the 1st over - 0 runs, 1 hit, 0 errors, 2 left on base; Colorado 0 - Cincinnati 0
TOP OF THE 2ND
Colorado Rockies batting - Pitching for Cincinnati Reds : RHP Mike Lewis
Batting: LHB Matt Beck 0-0: Swinging Strike
0-1: Ball
1-1: Swinging Strike
1-2: Ball
2-2: Ball
3-2: SINGLE (Flyball, 56D, EV 93.1 MPH)
Batting: LHB Jeremy Papish 0-0: Ball
1-0: Ball
2-0: Foul Ball, location: 7LMF
2-1: Ball
3-1: Fly out, F8 (Flyball, 78S, EV 86.9 MPH)
Batting: LHB Mike Keatts 0-0: Ball
1-0: Ball
2-0: SINGLE (Groundball, 6MD, EV 104.4 MPH) (infield hit)
Matt Beck to second
Batting: RHB Orlando Serrano 0-0: Fielders Choice at 2nd, 6-4 (Groundball, 6, EV 91.3 MPH)
Matt Beck to third
Batting: LHB Carlos Parez 0-0: Called Strike
0-1: Called Strike
0-2: Strikes out swinging
Top of the 2nd over - 0 runs, 2 hits, 0 errors, 2 left on base; Colorado 0 - Cincinnati 0
BOTTOM OF THE 2ND
Cincinnati Reds batting - Pitching for Colorado Rockies : RHP Rob Dillon
Batting: RHB B.J. Illiano 0-0: Ball
1-0: Ball
2-0: Fly out, F8 (Flyball, 8LD, EV 110.6 MPH)
Batting: RHB Jamie Schexnider 0-0: Ball
1-0: Ball
2-0: Ball
3-0: Called Strike
3-1: SOLO HOME RUN (Flyball, 7D, EV 96.9 MPH), Distance : 383 ft
Batting: RHB Ricky Correa 0-0: Ball
1-0: Reached on error, E5 (Groundball, 56, EV 105.0 MPH)
Batting: SHB Greg Jenniferl 0-0: Called Strike
0-1: Ball
1-1: Ball
2-1: Swinging Strike
2-2: Ball
3-2: Base on Balls
Pitching: RHP Chris Colbert
Batting: LHB Jonathan Nelson 0-0: Called Strike
0-1: Foul Ball, location: 2F
0-2: Fly out, F9 (Flyball, 9S, EV 95.6 MPH)
Batting: RHB Erik Schmidt 0-0: Called Strike
0-1: Ball
1-1: Ball
2-1: Fielders Choice at 2nd, 6-4 (Groundball, 4M, EV 86.3 MPH)
Bottom of the 2nd over - 1 run, 1 hit, 1 error, 2 left on base; Colorado 0 - Cincinnati 1
TOP OF THE 3RD
Colorado Rockies batting - Pitching for Cincinnati Reds : RHP Mike Lewis
Batting: LHB Jesus Pena 0-0: Swinging Strike
0-1: Called Strike
0-2: Fly out, F6 (Popup, 6S, EV 66.3 MPH)
Batting: LHB Glenn Sewell 0-0: Ball
1-0: Foul Ball, location: 5DF
1-1: Swinging Strike
1-2: Foul Ball, location: 7LDF
1-2: Ball
2-2: Ball
3-2: Fly out, F7 (Flyball, 78M, EV 79.4 MPH)
Batting: RHB Mike Woodard 0-0: Swinging Strike
0-1: Ball
1-1: Called Strike
1-2: Foul Ball, location: 9LMF
1-2: Foul Ball, location: 25F
1-2: Strikes out swinging
Top of the 3rd over - 0 runs, 0 hits, 0 errors, 0 left on base; Colorado 0 - Cincinnati 1
BOTTOM OF THE 3RD
Cincinnati Reds batting - Pitching for Colorado Rockies : RHP Chris Colbert
Batting: LHB Steve Carbone 0-0: Ball
1-0: Ball
2-0: Called Strike
2-1: Called Strike
2-2: Strikes out swinging
Batting: RHB Tim Mercer 0-0: Ball
1-0: Foul Ball, location: 7LSFF
1-1: DOUBLE (Line Drive, 5D, EV 101.9 MPH)
Batting: RHB Earl Boivin 0-0: Swinging Strike
0-1: Ball
1-1: Ball
2-1: Ball
3-1: Fly out, F8 (Line Drive, 8RM, EV 91.3 MPH)
Batting: RHB B.J. Illiano 0-0: Foul Ball, location: 9LSF
0-1: DOUBLE (Groundball, 5L, EV 105.6 MPH)
Tim Mercer scores
Batting: RHB Jamie Schexnider 0-0: Foul Ball, location: 2F
0-1: Foul Ball, location: 9LDF
0-2: Strikes out swinging
Bottom of the 3rd over - 1 run, 2 hits, 0 errors, 1 left on base; Colorado 0 - Cincinnati 2
TOP OF THE 4TH
Colorado Rockies batting - Pitching for Cincinnati Reds : RHP Mike Lewis
Batting: RHB Kosuke Sakai 0-0: Ball
1-0: Ball
2-0: Called Strike
2-1: Swinging Strike
2-2: Foul Ball, location: 2F
2-2: Ground out 6-3 (Groundball, 6, EV 86.3 MPH)
Batting: LHB Matt Beck 0-0: Ground out 4-3 (Groundball, 4, EV 92.5 MPH)
Batting: LHB Jeremy Papish 0-0: DOUBLE (Flyball, 78XD, EV 103.8 MPH)
Batting: LHB Mike Keatts 0-0: Fly out, F8 (Flyball, 8LXD, EV 94.4 MPH)
Top of the 4th over - 0 runs, 1 hit, 0 errors, 1 left on base; Colorado 0 - Cincinnati 2
BOTTOM OF THE 4TH
Cincinnati Reds batting - Pitching for Colorado Rockies : RHP Chris Colbert
Batting: RHB Ricky Correa 0-0: Ball
1-0: Ball
2-0: Ball
3-0: Called Strike
3-1: Called Strike
3-2: Ground out 6-3 (Groundball, 6, EV 83.8 MPH)
Batting: SHB Greg Jenniferl 0-0: Ground out U3 (Groundball, 3, EV 97.5 MPH)
Pitching: RHP Doug Craig
Batting: LHB Jonathan Nelson 0-0: Foul Ball, location: 2F
0-1: Foul Ball, location: 3SF
0-2: SOLO HOME RUN (Line Drive, 7D, EV 106.9 MPH), Distance : 401 ft
Batting: RHB Erik Schmidt 0-0: Called Strike
0-1: SINGLE (Line Drive, 4MD, EV 99.4 MPH)
Batting: LHB Steve Carbone 0-0: Ball
1-0: Foul Ball, location: 5SF
1-1: Ball
Erik Schmidt steals 2nd base
2-1: Foul Ball, location: 2F
2-2: Fly out, F9 (Flyball, 9, EV 84.4 MPH)
Bottom of the 4th over - 1 run, 2 hits, 0 errors, 1 left on base; Colorado 0 - Cincinnati 3
TOP OF THE 5TH
Colorado Rockies batting - Pitching for Cincinnati Reds : RHP Mike Lewis
Batting: RHB Orlando Serrano 0-0: Foul Ball, location: 2F
0-1: Swinging Strike
0-2: Strikes out looking
Batting: LHB Carlos Parez 0-0: Ball
1-0: Ball
2-0: Fly out, F9 (Flyball, 9, EV 81.3 MPH)
Batting: LHB Jesus Pena 0-0: Ball
1-0: Ball
2-0: Ball
3-0: Called Strike
3-1: Base on Balls
Batting: LHB Glenn Sewell 0-0: Swinging Strike
0-1: Ball
1-1: Foul Ball, location: 3FF
1-2: Strikes out swinging
Top of the 5th over - 0 runs, 0 hits, 0 errors, 1 left on base; Colorado 0 - Cincinnati 3
BOTTOM OF THE 5TH
Cincinnati Reds batting - Pitching for Colorado Rockies : RHP Doug Craig
Batting: RHB Tim Mercer 0-0: Ball
1-0: Foul Ball, location: 9LSF
1-1: Fly out, F8 (Flyball, 8LD, EV 93.8 MPH)
Batting: RHB Earl Boivin 0-0: Ball
1-0: Called Strike
1-1: SINGLE (Groundball, 5S, EV 64.4 MPH) (infield hit)
Batting: RHB B.J. Illiano 0-0: Foul Ball, location: 3FF
0-1: Ball
1-1: Ball
2-1: SINGLE (Groundball, 4MD, EV 102.5 MPH)
Earl Boivin to second
Runner from 2nd tries for 3rd, SAFE, throw by CF made to third
Batting: RHB Jamie Schexnider 0-0: Foul Ball, location: 5SF
0-1: Ball
1-1: Ball
2-1: Ball
3-1: 3-RUN HOME RUN (Flyball, 7D, EV 99.4 MPH), Distance : 374 ft
Pitching: RHP Xavier Clayton
Batting: RHB Ricky Correa 0-0: Ball
1-0: Ball
2-0: Ball
3-0: Base on Balls
Batting: SHB Greg Jenniferl 0-0: Ball
1-0: Ball
2-0: Called Strike
2-1: 2-RUN HOME RUN (Flyball, 7LD, EV 92.5 MPH), Distance : 358 ft
Batting: LHB Jonathan Nelson 0-0: Called Strike
0-1: Foul Ball, location: 2LF
0-2: Ball
1-2: Foul Ball, location: 7LSF
1-2: Ball
2-2: DOUBLE (Line Drive, 8RXD, EV 102.5 MPH)
Batting: RHB Erik Schmidt 0-0: Called Strike
0-1: Called Strike
0-2: Foul Ball, location: 23FF
0-2: Strikes out looking
Batting: LHB Steve Carbone 0-0: Ball
1-0: Swinging Strike
1-1: Ball
2-1: Fly out, F8 (Flyball, 8RD, EV 104.4 MPH)
Bottom of the 5th over - 5 runs, 5 hits, 0 errors, 1 left on base; Colorado 0 - Cincinnati 8
TOP OF THE 6TH
Colorado Rockies batting - Pitching for Cincinnati Reds : RHP Mike Lewis
Batting: RHB Mike Woodard 0-0: Ball
1-0: Fly out, F8 (Line Drive, 78D, EV 88.8 MPH)
Batting: RHB Kosuke Sakai 0-0: Foul Ball, location: 2RF
0-1: Fly out, F9 (Flyball, 9LM, EV 97.5 MPH)
Batting: LHB Matt Beck 0-0: Foul Ball, location: 2F
0-1: Fly out, F7 (Flyball, 7, EV 88.1 MPH)
Top of the 6th over - 0 runs, 0 hits, 0 errors, 0 left on base; Colorado 0 - Cincinnati 8
BOTTOM OF THE 6TH
Cincinnati Reds batting - Pitching for Colorado Rockies : RHP Xavier Clayton
Batting: RHB Tim Mercer 0-0: Called Strike
0-1: Ball
1-1: Foul Ball, location: 23F
1-2: Foul Ball, location: 9LSF
1-2: Fly out, F9 (Flyball, 9, EV 81.3 MPH)
Batting: RHB Earl Boivin 0-0: Ball
1-0: Foul Ball, location: 2F
1-1: Swinging Strike
1-2: Ball
2-2: Foul Ball, location: 25F
2-2: Ball
3-2: Base on Balls
Batting: RHB B.J. Illiano 0-0: Ball
1-0: Ball
2-0: Called Strike
Earl Boivin steals 2nd base
2-1: Ball
3-1: Swinging Strike
3-2: Ground out 4-3 (Groundball, 4S, EV 80.0 MPH)
Earl Boivin to third
Batting: RHB Jamie Schexnider 0-0: Foul Ball, location: 3F
0-1: Ball
1-1: Ball
2-1: Called Strike
2-2: Foul Ball, location: 5SF
2-2: Foul Ball, location: 7LSF
2-2: Ball
3-2: Foul Ball, location: 2F
3-2: Foul Ball, location: 7LDF
3-2: Base on Balls
Batting: RHB Ricky Correa 0-0: Swinging Strike
0-1: Swinging Strike
0-2: Strikes out looking
Bottom of the 6th over - 0 runs, 0 hits, 0 errors, 2 left on base; Colorado 0 - Cincinnati 8
TOP OF THE 7TH
Colorado Rockies batting - Pitching for Cincinnati Reds : RHP Mike Lewis
Pitching: RHP Juan Mata
Batting: LHB Jeremy Papish 0-0: Ball
1-0: Foul Ball, location: 5DF
1-1: Ball
2-1: Ball
3-1: Base on Balls
Batting: LHB Mike Keatts 0-0: Called Strike
0-1: Ball
1-1: Ball
Jeremy Papish steals 2nd base (no throw)
2-1: Swinging Strike
2-2: Ball
3-2: Ground out 4-3 (Groundball, 4, EV 105.0 MPH)
Jeremy Papish to third
Pinch Hitting: SHB Brian Hatcher 0-0: Ground out 3-1 (Groundball, 34S, EV 93.1 MPH)
Jeremy Papish scores
Batting: LHB Carlos Parez 0-0: Ball
1-0: Foul Ball, location: 2F
1-1: Ball
2-1: DOUBLE (Line Drive, 78M, EV 92.5 MPH)
Batting: LHB Jesus Pena 0-0: Ball
1-0: Ball
2-0: Fly out, F7 (Flyball, 7D, EV 107.5 MPH)
Top of the 7th over - 1 run, 1 hit, 0 errors, 1 left on base; Colorado 1 - Cincinnati 8
BOTTOM OF THE 7TH
Cincinnati Reds batting - Pitching for Colorado Rockies : RHP Xavier Clayton
Pitching: RHP Matt Osorio
Now at 2B: John Stevens
Batting: SHB Greg Jenniferl 0-0: Ground out 4-3 (Groundball, 4, EV 86.9 MPH)
Batting: LHB Jonathan Nelson 0-0: Foul Ball, location: 7LSF
0-1: Foul Ball, location: 2F
0-2: Ball
1-2: Ball
2-2: Ball
3-2: SINGLE (Line Drive, 34D, EV 101.3 MPH)
Batting: RHB Erik Schmidt 0-0: Ball
1-0: Foul Ball, location: 3F
1-1: Ball
2-1: Ball
3-1: Called Strike
3-2: SINGLE (Line Drive, 4D, EV 96.9 MPH)
Jonathan Nelson to second
Runner from 2nd tries for 3rd, SAFE, throw by CF made to third
Batting: LHB Steve Carbone 0-0: Ball
Erik Schmidt steals 2nd base
1-0: Foul Ball, location: 7LDF
1-1: SINGLE (Groundball, 4MD, EV 95.6 MPH)
Jonathan Nelson scores
Erik Schmidt to third
Runner from 3rd tries for Home, SAFE, throw by CF to home
Batting: RHB Tim Mercer 0-0: Called Strike
0-1: Foul Ball, location: 25F
0-2: Foul Ball, location: 9LMF
0-2: Ball
1-2: Foul Ball, location: 9LDF
1-2: Ball
2-2: Strikes out swinging
Batting: RHB Earl Boivin 0-0: Reached on error, E6 (Groundball, 6, EV 79.4 MPH)
Steve Carbone to second
Batting: RHB B.J. Illiano 0-0: Ball
1-0: Fly out, F7 (Flyball, 7S, EV 98.1 MPH)
Bottom of the 7th over - 2 runs, 3 hits, 1 error, 2 left on base; Colorado 1 - Cincinnati 10
TOP OF THE 8TH
Colorado Rockies batting - Pitching for Cincinnati Reds : RHP Juan Mata
Batting: LHB Glenn Sewell 0-0: Called Strike
0-1: Fly out, F9 (Flyball, 9D, EV 108.8 MPH)
Batting: RHB Mike Woodard 0-0: Foul Ball, location: 3F
0-1: DOUBLE (Line Drive, 78D, EV 100.0 MPH)
Batting: RHB Kosuke Sakai 0-0: Fly out, F8 (Flyball, 8RD, EV 110.0 MPH)
Batting: LHB Matt Beck 0-0: Foul Ball, location: 25FF
0-1: Ball
1-1: Foul Ball, location: 9LSF
1-2: Strikes out swinging
Top of the 8th over - 0 runs, 1 hit, 0 errors, 1 left on base; Colorado 1 - Cincinnati 10
BOTTOM OF THE 8TH
Cincinnati Reds batting - Pitching for Colorado Rockies : RHP Matt Osorio
Batting: RHB Jamie Schexnider 0-0: Called Strike
0-1: Ball
1-1: Ball
2-1: Foul Ball, location: 25FF
2-2: Ball
3-2: Foul Ball, location: 2F
3-2: Strikes out looking
Batting: RHB Ricky Correa 0-0: Ball
1-0: Ball
2-0: Foul Ball, location: 3F
2-1: Foul Ball, location: 7LDF
2-2: Foul Ball, location: 5FF
2-2: Hit by Pitch
Pitching: RHP Matthew Hodge
Batting: SHB Greg Jenniferl 0-0: Ball
1-0: Ball
2-0: Foul Ball, location: 2F
2-1: Ball
3-1: Foul Ball, location: 2F
3-2: Base on Balls
Ricky Correa to second
Batting: LHB Jonathan Nelson 0-0: Foul Ball, location: 9LMF
0-1: Swinging Strike
0-2: Fly out, F6 (Line Drive, 6, EV 66.9 MPH)
Lined into DP, 6-4 (Line Drive, 6, EV 66.9 MPH)
Bottom of the 8th over - 0 runs, 0 hits, 0 errors, 1 left on base; Colorado 1 - Cincinnati 10
TOP OF THE 9TH
Colorado Rockies batting - Pitching for Cincinnati Reds : RHP Juan Mata
Batting: LHB Jeremy Papish 0-0: Foul Ball, location: 2F
0-1: Ball
1-1: Swinging Strike
1-2: Foul Ball, location: 2LF
1-2: Ball
2-2: Foul Ball, location: 2F
2-2: Strikes out looking
Batting: LHB Mike Keatts 0-0: Ball
1-0: Fly out, F8 (Line Drive, 8LS, EV 88.8 MPH)
Pinch Hitting: LHB Jim Davis 0-0: Ball
1-0: Foul Ball, location: 5F
1-1: Foul Ball, location: 7LSF
1-2: Ball
2-2: Ball
3-2: Strikes out looking
Top of the 9th over - 0 runs, 0 hits, 0 errors, 0 left on base; Colorado 1 - Cincinnati 10
Wednesday, April 17th , 2024 - OOTP Baseball 24.11 Build 85